General information
- name: BNet
- type: Ladder team game (AT/RT)
- host: Battle.net
- saver: ASSASSINO
map: Battleground
- players: 8
- length: 18:02
- speed: Fast
- version: 1.26 W3XP
- replay type: Public
» download(145 KB)
Players
team 1 (loser)
Lord_Ramzy (
blue | 88 APM | 1586 actions | 18:01)
1 Blademaster
1 Wind Walk
» actions
| Assign group hotkey | 31 | |
| Basic commands | 119 | |
| Build / train | 58 | |
| ESC pressed | 1 | |
| Enter build submenu | 17 | |
| Enter hero's abilities submenu | 1 | |
| Remove unit from queue | 8 | |
| Right click | 606 | |
| Select / deselect | 172 | |
| Select group hotkey | 532 | |
| Use ability | 41 | |
1586 total
» units
| Peon | 12 | |
| Grunt | 16 | |
| Shaman | -1 | |
| Troll Witch Doctor | 2 | |
29 total
» upgrades
| Spiked Barricades | 1 | |
| Armor | 1 | |
| Melee Weapons | 1 | |
| Shaman Training | 2 | |
| Witch Doctor Training | 2 | |
| Reinforced Defenses | 1 | |
| Berserker Strength | 0 | |
8 total
» buildings
| Orc Burrow | 5 | |
| Altar of Storms | 1 | |
| War Mill | 1 | |
| Barracks | 1 | |
| Voodoo Lounge | 1 | |
| Watch Tower | 4 | |
| Stronghold | 1 | |
| Spirit Lodge | 2 | |
| Fortress | 1 | |
17 total
» build order
00:10 Orc Burrow
00:26 Altar of Storms
00:46 War Mill
01:46 Barracks
01:55 Voodoo Lounge
02:19 Orc Burrow
02:49 Watch Tower
02:56 Watch Tower
04:39 Stronghold
05:24 Orc Burrow
06:57 Watch Tower
07:45 Spirit Lodge
08:27 Spirit Lodge
08:45 Orc Burrow
08:52 Watch Tower
09:30 Fortress
17:48 Orc Burrow
» items
| Healing Salve | 1 | |
| Potion of Healing | 5 | |
| Potion of Mana | 1 | |
| Scroll of Town Portal | 1 | |
| Orb of Lightning | 1 | |
9 total

»
NINTENDO_7DS (
teal | 140 APM | 2338 actions | 16:40)
6 Archmage
3 Summon Water Elemental
3 Brilliance Aura
» actions
| Assign group hotkey | 128 | |
| Basic commands | 264 | |
| Build / train | 52 | |
| Enter build submenu | 22 | |
| Enter hero's abilities submenu | 6 | |
| Give item / drop item | 1 | |
| Right click | 855 | |
| Select / deselect | 415 | |
| Select group hotkey | 499 | |
| Use ability | 94 | |
2338 total
» units
| Peasant | 14 | |
| Footman | 8 | |
| Sorceress | 2 | |
| Priest | 1 | |
| Spell Breaker | 3 | |
28 total
» upgrades
| Defend | 1 | |
| Sorceress Training | 2 | |
| Priest Training | 2 | |
5 total
» buildings
| Barracks | 1 | |
| Farm | 10 | |
| Altar of Kings | 1 | |
| Keep | 1 | |
| Lumber Mill | 1 | |
| Arcane Vault | 1 | |
| Arcane Sanctum | 2 | |
| Castle | 1 | |
| Blacksmith | 1 | |
| Town Hall | 1 | |
| Scout Tower | 5 | |
| Guard Tower | 2 | |
27 total
» build order
00:26 Barracks
00:34 Farm
00:36 Farm
00:50 Altar of Kings
02:00 Farm
02:46 Farm
03:27 Farm
03:46 Keep
04:12 Lumber Mill
04:54 Farm
05:19 Arcane Vault
06:31 Arcane Sanctum
06:31 Arcane Sanctum
07:31 Farm
08:57 Castle
12:19 Blacksmith
13:22 Farm
13:23 Farm
13:24 Farm
14:24 Town Hall
14:38 Scout Tower
14:39 Scout Tower
14:39 Scout Tower
14:40 Scout Tower
14:40 Scout Tower
15:16 Guard Tower
15:17 Guard Tower
» items
| Scroll of Town Portal | 3 | |
| Tiny Great Hall | 1 | |
4 total

»
im_a_big_noob (
red | 54 APM | 928 actions | 17:12)
3 Priestess of the Moon
1 Searing Arrows
1 Trueshot Aura
1 Scout
» actions
| Assign group hotkey | 79 | |
| Basic commands | 15 | |
| Build / train | 34 | |
| Enter build submenu | 10 | |
| Enter hero's abilities submenu | 3 | |
| Right click | 517 | |
| Select / deselect | 146 | |
| Select group hotkey | 81 | |
| Use ability | 43 | |
928 total
» units
| Wisp | 10 | |
| Archer | 13 | |
| Spell Breaker | 1 | |
24 total
» upgrades
» buildings
| Moon Well | 4 | |
| Altar of Elders | 1 | |
| Ancient of War | 2 | |
| Ancient of Wonders | 1 | |
| Tree of Ages | 2 | |
| Tree of Life | 2 | |
12 total
» build order
00:26 Moon Well
00:55 Altar of Elders
01:25 Ancient of War
01:43 Ancient of War
02:05 Moon Well
02:30 Ancient of Wonders
03:30 Tree of Ages
06:02 Tree of Life
06:34 Moon Well
06:38 Moon Well
11:15 Tree of Ages
15:09 Tree of Life
» items
| Moonstone | 1 | |
| Lesser Clarity Potion | 1 | |
| Dust of Appearance | 1 | |
3 total

»
KILLumINATi (
green | 45 APM | 773 actions | 17:05)
3 Demon Hunter
1 Evasion
1 Immolation
1 Mana Burn
» actions
| Assign group hotkey | 29 | |
| Basic commands | 1 | |
| Build / train | 51 | |
| Enter build submenu | 22 | |
| Enter hero's abilities submenu | 3 | |
| Remove unit from queue | 3 | |
| Right click | 288 | |
| Select / deselect | 260 | |
| Select group hotkey | 83 | |
| Use ability | 33 | |
773 total
» units
| Wisp | 17 | |
| Archer | 7 | |
| Faerie Dragon | 4 | |
| Druid of the Talon | 2 | |
| Hippogryph | 1 | |
| Chimaera | 5 | |
36 total
» upgrades
| Strength of the Wild | 2 | |
| Druid of the Talon Training | 2 | |
| Reinforced Hides | 1 | |
| Corrosive Breath | 1 | |
6 total
» buildings
| Altar of Elders | 1 | |
| Moon Well | 6 | |
| Ancient of War | 1 | |
| Hunter's Hall | 1 | |
| Tree of Ages | 1 | |
| Ancient of Wonders | 1 | |
| Tree of Eternity | 1 | |
| Ancient of Wind | 2 | |
| Chimaera Roost | 3 | |
17 total
» build order
00:12 Altar of Elders
00:47 Moon Well
01:03 Ancient of War
02:24 Moon Well
03:40 Hunter's Hall
04:04 Tree of Ages
04:48 Moon Well
06:09 Ancient of Wonders
06:29 Tree of Eternity
06:43 Ancient of Wind
07:49 Tree of Eternity
08:16 Ancient of Wind
08:22 Moon Well
10:33 Chimaera Roost
11:04 Chimaera Roost
12:12 Moon Well
14:08 Chimaera Roost
14:34 Moon Well
team 2 (winner)
beswdxxxxx (
pink | 49 APM | 887 actions | 18:02)
5 Archmage
3 Summon Water Elemental
1 Blizzard
1 Brilliance Aura
» actions
| Build / train | 66 | |
| Enter build submenu | 25 | |
| Enter hero's abilities submenu | 5 | |
| Give item / drop item | 5 | |
| Remove unit from queue | 2 | |
| Right click | 389 | |
| Select / deselect | 314 | |
| Use ability | 81 | |
887 total
» units
| Peasant | 11 | |
| Footman | 4 | |
| Rifleman | 12 | |
27 total
» upgrades
| Gunpowder | 2 | |
| Armor | 2 | |
| Masonry | 2 | |
| Long Rifles | 1 | |
| Lumber Harvesting | 1 | |
8 total
» buildings
| Farm | 7 | |
| Altar of Kings | 1 | |
| Barracks | 2 | |
| Blacksmith | 1 | |
| Arcane Vault | 2 | |
| Scout Tower | 8 | |
| Arcane Tower | 1 | |
| Lumber Mill | 1 | |
| Guard Tower | 4 | |
| Keep | 1 | |
| Town Hall | 2 | |
| Castle | 1 | |
31 total
» build order
00:23 Farm
00:40 Altar of Kings
01:03 Farm
01:20 Barracks
01:26 Farm
02:10 Farm
02:41 Barracks
02:45 Blacksmith
02:49 Arcane Vault
04:09 Arcane Vault
04:32 Scout Tower
04:36 Farm
04:52 Farm
05:11 Arcane Tower
05:30 Farm
06:17 Lumber Mill
08:30 Scout Tower
09:03 Scout Tower
09:11 Scout Tower
09:13 Guard Tower
09:42 Guard Tower
09:48 Guard Tower
10:57 Keep
11:58 Town Hall
14:31 Castle
16:35 Town Hall
16:40 Scout Tower
16:42 Scout Tower
17:10 Guard Tower
17:13 Scout Tower
17:15 Scout Tower
» items
| Scroll of Regeneration | 8 | |
| Lesser Clarity Potion | 4 | |
| Scroll of Healing | 1 | |
| Scroll of Town Portal | 3 | |
| Scroll of Protection | 1 | |
| Potion of Healing | 1 | |
18 total
ASSASSINO (
purple | 61 APM | 1095 actions | 18:02)
4 Crypt Lord
2 Impale
2 Spiked Carapace
4 Dark Ranger
2 Black Arrow
2 Silence
3 Naga Sea Witch
2 Frost Arrows
1 Forked Lightning
» actions
| Assign group hotkey | 33 | |
| Basic commands | 41 | |
| Build / train | 52 | |
| ESC pressed | 1 | |
| Enter build submenu | 11 | |
| Enter hero's abilities submenu | 11 | |
| Remove unit from queue | 1 | |
| Right click | 379 | |
| Select / deselect | 290 | |
| Select group hotkey | 234 | |
| Use ability | 42 | |
1095 total
» units
» upgrades
| Creature Attack | 3 | |
| Creature Carapace | 3 | |
| Stone Form | 1 | |
7 total
» buildings
| Crypt | 2 | |
| Graveyard | 1 | |
| Altar of Darkness | 1 | |
| Ziggurat | 5 | |
| Tomb of Relics | 1 | |
| Nerubian Tower | 3 | |
| Halls of the Dead | 1 | |
| Spirit Tower | 1 | |
| Black Citadel | 1 | |
16 total
» build order
00:13 Crypt
00:19 Graveyard
00:50 Altar of Darkness
01:00 Ziggurat
01:34 Tomb of Relics
01:48 Ziggurat
02:04 Nerubian Tower
02:32 Ziggurat
03:30 Halls of the Dead
03:53 Crypt
04:35 Ziggurat
04:37 Ziggurat
05:13 Nerubian Tower
05:14 Spirit Tower
05:39 Nerubian Tower
06:21 Black Citadel
» items
| Rod of Necromancy | 1 | |
| Potion of Healing | 5 | |
| Scroll of Town Portal | 1 | |
7 total
chorb (
yellow | 43 APM | 779 actions | 18:02)
3 Mountain King
2 Storm Bolt
1 Bash
» actions
| Assign group hotkey | 12 | |
| Build / train | 52 | |
| Enter build submenu | 18 | |
| Enter hero's abilities submenu | 3 | |
| Remove unit from queue | 1 | |
| Right click | 377 | |
| Select / deselect | 210 | |
| Select group hotkey | 64 | |
| Use ability | 42 | |
779 total
» units
| Peasant | 10 | |
| Footman | 12 | |
| Rifleman | 6 | |
| Priest | 4 | |
32 total
» upgrades
| Long Rifles | 1 | |
| Masonry | 2 | |
| Gunpowder | 2 | |
| Armor | 1 | |
| Priest Training | 2 | |
| Magic Sentry | 1 | |
9 total
» buildings
| Altar of Kings | 1 | |
| Farm | 13 | |
| Barracks | 2 | |
| Blacksmith | 1 | |
| Lumber Mill | 2 | |
| Keep | 1 | |
| Scout Tower | 5 | |
| Arcane Tower | 2 | |
| Guard Tower | 1 | |
| Arcane Sanctum | 3 | |
| Castle | 1 | |
32 total
» build order
00:25 Altar of Kings
00:39 Farm
00:46 Farm
01:08 Barracks
01:51 Farm
01:58 Blacksmith
02:26 Farm
02:31 Farm
02:44 Barracks
03:31 Lumber Mill
04:26 Keep
05:42 Scout Tower
05:42 Scout Tower
05:43 Scout Tower
05:45 Farm
05:46 Farm
05:48 Farm
06:29 Arcane Tower
06:40 Arcane Tower
08:36 Farm
08:37 Farm
08:40 Farm
09:08 Lumber Mill
09:33 Scout Tower
09:34 Scout Tower
09:39 Farm
09:42 Farm
11:36 Guard Tower
12:29 Arcane Sanctum
13:35 Arcane Sanctum
13:39 Castle
13:49 Arcane Sanctum
maekok (
orange | 29 APM | 518 actions | 18:02)
5 Paladin
2 Holy Light
3 Divine Shield
» actions
| Basic commands | 91 | |
| Build / train | 53 | |
| ESC pressed | 5 | |
| Enter build submenu | 22 | |
| Enter hero's abilities submenu | 5 | |
| Remove unit from queue | 1 | |
| Right click | 116 | |
| Select / deselect | 198 | |
| Use ability | 27 | |
518 total
» units
| Peasant | 8 | |
| Footman | 1 | |
| Rifleman | 19 | |
| Mortar Team | 4 | |
| Spell Breaker | 3 | |
35 total
» upgrades
| Gunpowder | 3 | |
| Long Rifles | 1 | |
| Lumber Harvesting | 2 | |
| Fragmentation Shards | 1 | |
| Control Magic | 1 | |
8 total
» buildings
| Altar of Kings | 1 | |
| Farm | 9 | |
| Scout Tower | 1 | |
| Arcane Tower | 1 | |
| Barracks | 2 | |
| Blacksmith | 1 | |
| Keep | 1 | |
| Lumber Mill | 2 | |
| Workshop | 1 | |
| Castle | 1 | |
| Arcane Vault | 1 | |
| Arcane Sanctum | 1 | |
| Town Hall | 1 | |
23 total
» build order
00:07 Altar of Kings
00:10 Farm
00:30 Scout Tower
01:05 Arcane Tower
01:19 Farm
01:43 Barracks
02:04 Farm
02:24 Blacksmith
02:46 Barracks
03:28 Keep
03:33 Farm
04:27 Farm
04:44 Lumber Mill
05:10 Farm
06:42 Workshop
08:23 Castle
08:30 Lumber Mill
09:42 Farm
10:56 Arcane Vault
11:54 Arcane Sanctum
13:47 Farm
14:46 Farm
15:21 Town Hall
Chat log
(00:07 / All) ASSASSINO: well crap
(00:08 / All) ASSASSINO: Lol
(00:09 / All) im_a_big_noob: GUYS PLEASE GO EASY ON ME
(00:10 / All) NINTENDO_7DS: NEW FROM NINTENDO
(00:12 / All) NINTENDO_7DS: THE NINTENDO 7DS
(00:13 / All) im_a_big_noob: I REALLY DONT KNOW HOW TO PLAY
(00:16 / All) NINTENDO_7DS: WITH SEVEN PAIRS OF DUAL SCREENS
(00:19 / All) NINTENDO_7DS: ATTACHED TO ONE PORTABLE DEVICE
(00:21 / All) ASSASSINO: Merda....
(00:21 / All) im_a_big_noob: WHAT DOES AN ALTAR DO?????????????
(00:37 / All) ASSASSINO: Let's you build a supply depot
(00:37 / All) KILLumINATi: I DONT KNOW MAKE ONE AND TELL ME WHAT IT MAKES
(00:41 / All) ASSASSINO: which lets you make marines
(00:42 / All) KILLumINATi: SO I KNOW IF I SHOULD MAKE ONE
(00:45 / All) NINTENDO_7DS: how to make colossus
(00:52 / All) im_a_big_noob: HOW DO I MAKE WRAITHS?????????????????
(00:59 / All) NINTENDO_7DS: HOW IS COLOSUS/S??
(01:13 / All) KILLumINATi: HOW DO I MAKE GUYS?? LIKE TO CONTROL
(01:16 / All) KILLumINATi: IM NEW
(01:19 / All) ASSASSINO: i dunno if this is just a windows 7 64x thing with the new patch
(01:26 / All) ASSASSINO: but it doesn't show under construction animation
(01:29 / All) ASSASSINO: for ud or elf buildings
(01:37 / All) ASSASSINO: looks really dumb
(01:38 / All) NINTENDO_7DS: no you're losing because you're bad pies
(02:11 / All) NINTENDO_7DS: Gonna go finish Monster Tale after this.
(02:22 / All) ASSASSINO: It's meh?
(02:23 / All) im_a_big_noob: YOURE A MONSTER TELLY
(02:26 / All) NINTENDO_7DS: Yeah, not so hot.
(02:35 / All) NINTENDO_7DS: Worst use of the Metroidvania model I've ever seen.
(02:40 / All) ASSASSINO: lol
(02:45 / All) im_a_big_noob: GUYS HOW DO I MAKE A BARRACKS
(02:48 / All) im_a_big_noob: AND WHAT DOES IT DO
(02:59 / All) NINTENDO_7DS: FIR@ST YOU DRAW A CIRCLE
(03:01 / All) NINTENDO_7DS: THEN YOU DOT THE EYES
(03:03 / All) KILLumINATi: IT MAKES GUYS I THINK
(03:04 / All) NINTENDO_7DS: THEN YOU ADD A GREAT BIG SMILE
(03:05 / All) ASSASSINO: Got any orcs on your team?
(03:05 / All) NINTENDO_7DS: AND PRESTO
(03:07 / All) NINTENDO_7DS: IT'S KIRBY!!!!
(03:08 / All) ASSASSINO: wanna know if I should get dust
(03:09 / All) KILLumINATi: LIKE TO MOVE AND STUFF
(03:17 / All) NINTENDO_7DS: Go Fish, Pies.]
(03:20 / All) KILLumINATi: WAIT HOW DFO I KNOW WHJAT COLORS MY ALLY
(03:23 / All) ASSASSINO: fine :P
(03:52 / All) im_a_big_noob: HOW DO I GET A BLADEMASTER I HEAR HE IS OVERPOWDERED
(04:01 / All) NINTENDO_7DS: overpowdered
(04:04 / All) NINTENDO_7DS: lol
(04:07 / All) ASSASSINO: HAH
(04:22 / All) NINTENDO_7DS: man are you for fucking real
(04:43 / Allies) ASSASSINO: punish this hard-teching noob
(05:18 / Allies) ASSASSINO: kill his main
(05:33 / Allies) ASSASSINO: main
(05:34 / Allies) ASSASSINO: kill main
(05:54 / Allies) ASSASSINO: kill it
(05:55 / Allies) ASSASSINO: fast
(06:09 / All) ASSASSINO: LOLOL
(06:49 / Allies) ASSASSINO: brt
(07:27 / All) ASSASSINO: doesn't show archers flying into the air from impale iether
(07:36 / All) NINTENDO_7DS: hmmmm
(11:38 / Allies) ASSASSINO: omw
(14:37 / All) ASSASSINO: HE BIG MEAN MAN WHIP US
(14:38 / All) ASSASSINO: WE ARE SLAVES
(16:19 / All) NINTENDO_7DS: ggs
(16:21 / All) ASSASSINO: Gg
(16:22 / All) NINTENDO_7DS: im out
(16:28 / All) ASSASSINO: Dunno how I won this
(16:32 / All) NINTENDO_7DS: I don't know either.
(16:35 / All) NINTENDO_7DS: I need a break, though.
(16:36 / All) ASSASSINO: k
(16:37 / All) ASSASSINO: peace
(16:37 / All) NINTENDO_7DS: One game is too hard for me.
(16:39 / All) NINTENDO_7DS: Have fun.
(17:16 / Allies) ASSASSINO: got it?